 Dungeon Crawl Stone Soup version 0.25.1-2-g60ff931df9 (webtiles) character file.

Game seed: 13401206445185573893

70 DogServant the Insei (level 4, 0/31 HPs)
             Began as a Vampire Transmuter on Oct 19, 2020.
             Slain by a worm (10 damage)
             ... on level 2 of the Dungeon.
             The game lasted 00:02:38 (1260 turns).

DogServant the Insei (Vampire Transmuter)           Turns: 1260, Time: 00:02:39

Health: 0/31       AC:  2    Str: 10    XL:     4   Next: 4%
Magic:  3/7        EV: 21    Int: 15    God:
Gold:   143        SH:  0    Dex: 19    Spells: 3/7 levels left

rFire    . . .     SeeInvis +     - Unarmed
rCold    . . .     Gourm    .   (shield currently unavailable)
rNeg     . . .     Faith    .   (armour currently unavailable)
rPois    x         Spirit   .   (helmet currently unavailable)
rElec    .         Reflect  .   (cloak currently unavailable)
rCorr    .         Harm     .   (gloves currently unavailable)
MR       .....                  (boots currently unavailable)
Stlth    ++........             (no amulet)
HPRegen  0.30/turn              (no ring)
MPRegen  0.10/turn              (no ring)

@: lethally poisoned (0 -> -1), spider-form (expiring), regenerating quickly
A: tiny, no food, see invisible
a: Exsanguinate, End Transformation


You were on level 2 of the Dungeon.
You were alive.
You were a venomous arachnid creature.
You visited 1 branch of the dungeon, and saw 2 of its levels.

You collected 143 gold pieces.

Inventory:

Hand Weapons
 c - a +1 antimagic dagger
Missiles
 a - 12 arrows
Armour
 b - a +0 robe (melded)
Scrolls
 e - a scroll of remove curse {unknown}
 f - a scroll of fog
 g - 2 scrolls of fear {unknown}
Potions
 d - a potion of stabbing
 k - a potion of ambrosia {unknown}
 m - 2 potions of degeneration {unknown}


   Skills:
 - Level 0.8 Fighting
 - Level 3.0 Dodging
 + Level 4.2 Unarmed Combat
 - Level 2.0 Spellcasting
 + Level 3.4 Transmutations


You had 3 spell levels left.
You knew the following spells:

 Your Spells              Type           Power        Failure   Level  Hunger
a - Beastly Appendage     Tmut           ##....       16%         1    N/A
b - Spider Form           Tmut/Pois      #.........   54%         3    N/A

Your spell library contained the following spells:

 Spells                   Type           Power        Failure   Level  Hunger
 Sticks to Snakes         Tmut           ##......     22%         2    N/A
 Ice Form                 Ice/Tmut       #.......     88%         4    N/A
 Blade Hands              Tmut           ##........   94%         5    N/A

Dungeon Overview and Level Annotations

Branches:
Dungeon (2/15)

Altars:


Innate Abilities, Weirdness & Mutations

You do not eat.
Your natural rate of healing is unusually fast.
((You have razor-sharp teeth.))
You have supernaturally acute eyesight. (SInv)
((You can survive without breathing.))


Message History

Your talons disappear.
You turn into a venomous arachnid creature.
Your +0 robe melds into your body.
Your transformation is almost over.
You feel sick.
You hit the worm.
The worm is moderately wounded.
The worm bites you!
You hit the worm.
The worm is heavily wounded.
You feel sick.
You hit the worm.
The worm is poisoned.
The worm is heavily wounded.
The worm barely misses you.
You hit the worm.
The worm looks even sicker.
The worm is heavily wounded.
You barely miss the worm.
The worm is heavily wounded.
The worm bites you!
You die...

*,....###>#######..###.# ###
*,........#.......†# #.# #..
*,...........#####.###'######..
**####...##..#.....#.......##.†
*,..........#.#####........'..
**##........#.#####.......##..
#........#..........#####..
#......†.#w......##.# ##.
####).#.#...#s......##.# #.
***#.....#.#...#.......##.# #.
,,,+.....+....##.......##.# #.
***#.....#.#.#.†.####+###.# #. *
***#...............###.#######
******#..####.#.......#<...<....+
,,,,,,#....(......%...##....#####
*****,#...###.#.......##§§..# # *
*,#.......#.......##§§..# #


You could see a worm (very poisoned).

Vanquished Creatures
  2 adders (D:2)
  3 oozes
  A dart slug (D:1)
  2 leopard geckos
  2 ball pythons
  4 bats
  8 goblins
  2 hobgoblins (D:2)
  3 jackals (D:1)
  A frilled lizard (D:1)
  4 kobolds
  3 rats
35 creatures vanquished.

Notes
Turn   | Place    | Note
-------+----------+-------------------------------------------
     0 | D:1      | DogServant the Vampire Transmuter began the quest for the
                  | Orb.
     0 | D:1      | Reached XP level 1. HP: 14/14 MP: 3/3
    99 | D:1      | Reached XP level 2. HP: 19/20 MP: 3/5
   419 | D:1      | Reached XP level 3. HP: 25/25 MP: 4/6
  1071 | D:2      | Reached skill level 4 in Unarmed Combat
  1247 | D:2      | Learned a level 3 spell: Spider Form
  1251 | D:2      | Reached XP level 4. HP: 20/31 MP: 5/7
  1260 | D:2      | Slain by a worm

Illustrated notes

Levels and vault maps discovered:
D:1:      erik_arrival_triangle_large, layout_basic, chequers_mini_garden,
          minmay_quantized
D:2:      minmay_door_path, layout_basic, first_ration

Skill      XL: |  1  2  3 |
---------------+----------+-----
Dodging        | 3 |  3.0
Transmutations | 3 |  3.4
Unarmed Combat | 4 |  4.2
Fighting       | |  0.8
Spellcasting   | |  2.0

Action                   |  1- 3 |  4- 6 || total
-------------------------+-------+-------++-------
Melee: Unarmed           |   121 |     5 ||   126
       Bite              |     6 |       ||     6
       Punch             |     1 |       ||     1
       Kick              |     6 |       ||     6
       Headbutt          |     4 |       ||     4
 Cast: Beastly Appendage |    14 |       ||    14
       Spider Form       |       |     1 ||     1
  Use: Scroll            |     7 |       ||     7
       Potion            |     1 |       ||     1
 Stab: Sleeping          |     3 |       ||     3
Armor: Robe              |    20 |       ||    20
Dodge: Dodged            |    78 |     1 ||    79
